 Dungeon Crawl Stone Soup version 0.31.0-32-g396128a36d (webtiles) character file.

Game seed: 14810684307877773939

22 jagang the Slasher (level 2, -1/24 HPs)
             Began as a Human Monk on Mar 12, 2024.
             Slain by a gnoll
             ... wielding a +0 flail
              (12 damage)
             ... on level 1 of the Dungeon.
             The game lasted 00:00:56 (476 turns).

jagang the Slasher (Human Monk)                      Turns: 476, Time: 00:00:57

Health: -1/24      AC:  3    Str: 11    XL:     2   Next: 91%
Magic:  2/2        EV: 13    Int: 10    God:
Gold:   62         SH:  0    Dex: 15    Spells: 1/1 levels left

rFire   . . .        a - +0 falchion
rCold   + . .        d - orb {light}
rNeg    . . .        b - +0 robe
rPois   .            (no helmet)
rElec   .            (no cloak)
rCorr   .            (no gloves)
SInv    .            h - +0 pair of boots
Will    .....        (no amulet)
Stlth   +            i - ring of protection from cold
HPRegen 0.24/turn    (no ring)
MPRegen 0.08/turn

%: no passive effects
@: glowing
A: explore regen
a: no special abilities


You were on level 1 of the Dungeon.
You visited 1 branch of the dungeon, and saw 1 of its levels.

You collected 62 gold pieces.

Inventory:

Hand Weapons
 a - a +0 falchion (weapon)
Armour
 b - a +0 robe (worn)
 d - an orb of light (worn)
 h - a +0 pair of boots (worn)
Jewellery
 i - a ring of protection from cold (left hand)
Scrolls
 e - a scroll of poison {unknown}
 f - a scroll of brand weapon {unknown}
 g - a scroll of fog {unknown}
Potions
 c - a potion of ambrosia
 j - a potion of heal wounds {unknown}


   Skills:
 + Level 3.2 Fighting
 * Level 3.4 Long Blades
 + Level 0.8 Armour
 + Level 3.2 Dodging


You had one spell level left.
You didn't know any spells.
Your spell library was empty.

Dungeon Overview and Level Annotations

Branches:
Dungeon (1/15)

Altars:


Innate Abilities, Weirdness & Mutations

You regain HP and MP as you explore.


Message History

You completely miss the ball python. The ball python misses you.
The ball python constricts you.
The ball python bites you but does no damage.
The ball python constricts you.
* * * LOW HITPOINT WARNING * * *
You slash the ball python!
You kill the ball python!
There is an open door, spattered with blood here.
You see here a ball python corpse.
An endoplasm comes into view.
An endoplasm is nearby!
Found a dagger.
The endoplasm quivers.
You hit the endoplasm.
The endoplasm is lightly wounded.
The endoplasm hits you but does no damage.
You hit the endoplasm.
The endoplasm is heavily wounded.
The endoplasm completely misses you. The endoplasm freezes you.
You are frozen.
You resist.
You hit the endoplasm but do no damage.
The endoplasm is moderately wounded.
The endoplasm misses you.
You hit the endoplasm.
You kill the endoplasm!
No target in view!
You open the door.
A gnoll comes into view. It is wielding a +0 flail.
There is an open door here.
The gnoll hits you with a +0 flail!
Ouch! That really hurt!
You are too injured to fight recklessly!
You are too injured to fight recklessly!
You barely miss the gnoll. The gnoll barely misses you.
You hit the gnoll.
The gnoll is heavily wounded.
The gnoll hits you with a +0 flail!
Ouch! That really hurt!
You die...

#..... .....# #.....
.....# #..... #+#.....#
##....† ###.#.....#
#...... #.........
#...... ........
+...... #......#
#.#..g# #......
#..>...# #.#.@.#
#...... #......#
#.#...####### #......
#......#
#.'............#####.
#......#
####............ #.
#......#
#.............. #.
#......###.)...........
#.
#......'.†.............
#.
#......###.............
###.
####.....#.............
#...


You could see a gnoll.

Vanquished Creatures
  3 ball pythons (D:1)
  4 bats (D:1)
  An endoplasm (D:1)
  3 giant cockroaches (D:1)
  2 goblins (D:1)
  3 hobgoblins (D:1)
  3 frilled lizards (D:1)
  A kobold (D:1)
  A rat (D:1)
21 creatures vanquished.

Notes
Turn   | Place    | Note
-------+----------+-------------------------------------------
     0 | D:1      | jagang the Human Monk began the quest for the Orb.
     0 | D:1      | Reached XP level 1. HP: 18/18 MP: 1/1
    46 | D:1      | Reached XP level 2. HP: 21/24 MP: 2/2
   476 | D:1      | Slain by a gnoll

Illustrated notes

Levels and vault maps discovered:
D:1:      noname_arrival_rooms_in_the_neighbourhood, layout_basic, serial_shops,
          nicolae_shop_tiny_waterfront

Action                     || total
---------------------------++-------
  Melee: Falchion          ||    49
   Stab: Sleeping          ||     1
 Armour: Robe              ||    31
  Dodge: Dodged            ||    30
